 Dungeon Sprint DCSS version 0.22.1-1-ga44c0e56f4 (webtiles) character file.

13941 KleinerIrrer the Wrestler (level 11, -8/180 HPs)
             Began as a Troll Monk on Nov 2, 2018.
             Was the Champion of Jiyva.
             Mangled by Gastronok (38 damage)
             ... in the Dungeon (Sprint III: "The Ten Rune Challenge").
             The game lasted 00:11:44 (1554 turns).

KleinerIrrer the Wrestler (Troll Monk)              Turns: 1554, Time: 00:11:45

Health: -8/180     AC:  8    Str: 24    XL:     11   Next: 82%
Magic:  10/10      EV: 12    Int:  8    God:    Jiyva [******]
Gold:   9          SH:  0    Dex: 17    Spells: 10/10 levels left

rFire    . . .     SeeInvis .     - Unarmed
rCold    . . .     Gourm    +   (no shield)
rNeg     . . .     Faith    .   a - +0 robe
rPois    .         Spirit   .   (helmet restricted)
rElec    .         Reflect  .   i - +0 cloak
rCorr    +         Harm     .   (gloves unavailable)
MR       +....     NoTele   +   (boots unavailable)
Stlth    ..........             (no amulet)
HPRegen  0.80/turn              (no ring)
MPRegen  0.12/turn              (no ring)

@: berserking, slowed, very slow
A: large, unfitting armour, antennae 1, claws 3, rugged brown scales 1,
camouflage 1, clever 1, fast metabolism 3, gourmand, magic resistance 1,
mutation resistance 1, regeneration 1, shaggy fur 1, tough skin 2, wild magic 1,
eyeballs 1, gelatinous body 1, jelly absorbing missiles, sturdy frame 1
a: Request Jelly, Slimify, Cure Bad Mutation, Renounce Religion


You were in the Dungeon.
You worshipped Jiyva.
Jiyva was exalted by your worship.
You were completely stuffed.

You visited 1 branch You collected 9 gold pieces.

Inventory:

Armour
 a - a +0 robe (worn)
 i - a +0 cloak (worn)
Wands
 r - a wand of random effects (21)
Scrolls
 h - 2 scrolls of blinking
 k - a scroll of immolation {unknown}
 l - 4 scrolls of remove curse
 n - a scroll of holy word {unknown}
 o - a scroll of identify {unknown}
Potions
 c - 2 potions of curing
 e - a potion of haste
 f - 3 potions of magic
 j - a potion of mutation
 m - 3 potions of flight
Miscellaneous
 p - a phial of floods
Comestibles
 b - 5 rations
 d - 5 chunks of flesh


   Skills:
 + Level 9.8 Fighting
 - Level 2.4 Dodging
 - Level 1.0 Stealth
 + Level 24.6 Unarmed Combat


You had 10 spell levels left.
You didn't know any spells.
Your spell library contained the following spells:

 Spells                   Type           Power        Failure   Level  Hunger
 Animate Skeleton         Necr           N/A          50%         1    ##.....
 Apportation              Tloc           #.....       50%         1    ##.....
 Confusing Touch          Hex            #.....       50%         1    ##.....
 Summon Small Mammal      Summ           #...         50%         1    ##.....
 Sublimation of Blood     Necr           #.........   63%         2    ###....
 Ignite Poison            Fire/Tmut/Pois #.......     85%         3    ####...
 Petrify                  Tmut/Erth      #.......     99%         4    #####..
 Alistair's Intoxication  Tmut/Pois      #.......     100%        5    ######.
 Irradiate                Conj/Tmut      #.........   100%        5    ######.


Dungeon Overview and Level Annotations

Branches:
Dungeon (1/1)

Altars:
Cheibriados
Dithmenos
Elyvilon
Fedhas
Gozag
Hepliaklqana
Kikubaaqudgha
Makhleb
Nemelex Xobeh
Okawaru
Qazlal
Ru
Sif Muna
Trog
Uskayaw
Vehumet
Wu Jian
Xom
Yredelemnul
Zin
The Shining One
Beogh
Jiyva
Lugonu

Annotations:
D Gastronok


Innate Abilities, Weirdness & Mutations

You are too large for most types of armour.
You have claws for hands.
Your metabolism is lightning-fast.
You like to eat raw meat.
Your natural rate of healing is unusually fast.
You are covered in fur. (AC +1)
You have very tough skin. (AC +2)
You have a pair of small antennae on your head.
You are partially covered in rugged brown scales. (AC +1, +3% HP)
Your skin changes colour to match your surroundings (Stealth+).
Your mind is acute. (Int +2)
You are resistant to hostile enchantments. (MR+)
You are somewhat resistant to further mutation.
Your spells are a little harder to cast, but a little more powerful.
Your body has grown golden eyes which may confuse attackers. (Acc +3)
Your rubbery body absorbs attacks. (AC +1, EV +1)
You have a small jelly attached to you that may absorb incoming projectiles.
Your movements are slightly less encumbered by armour. (ER -2)


Message History

Moving in this stuff is going to be slow.
You hear a distant "Zot"!
Gastronok looks at you and mumbles some strange words.
You feel yourself slow down.
You scratch Gastronok.
Gastronok is lightly wounded.
Gastronok waves his eye-stalks in wide circles.
The air twists around and strikes you!
* * * LOW HITPOINT WARNING * * *
You mangle Gastronok!!
Gastronok is lightly wounded.
You scratch Gastronok.
Gastronok is moderately wounded.
You hear a distant "Zot"!
A red film seems to cover your vision as you go berserk!
You feel yourself moving faster!
You feel mighty!
You hear a distant "Zot"! x2
Gastronok sloshes about.
Gastronok bites you!!!
You die...

##..##....#......#'###__#
#..###..##.#.....#..)#__#
#).# #..#####....#___#__'
▓▓▓▓▓▓▓▓▓▓▓▓▓▓▓▓▓▓▓▓▓▓▓▓▓
▓...'≈.≈≈≈≈≈≈≈♣♣..†..♣♣♣♣
▓..P#≈≈≈§§§.≈≈♣♣.≈≈≈≈'♣♣'
▓.PP#.≈≈§§§≈≈≈≈'.....#.≈♣
▓.YP#≈≈§§≈.≈≈≈♣♣♣♣♣♣♣#..♣
▓.Yw#≈≈≈@§§≈≈≈♣ ###+
▓##+####w######
.....{......... *
#+############# * * *


You could see Gastronok.

Vanquished Creatures
  Sigmund (D)
  A centaur warrior (D)
  An unseen horror (D)
  A deep elf mage (D)
  2 elephants (D)
  Edmund (D)
  2 spiny frogs (D)
  A rime drake (D)
  A komodo dragon (D)
  A spriggan defender (D)
  A queen bee (D)
  2 orc high priests (D)
  5 blink frogs (D)
  A shadow (D)
  3 wandering mushrooms (D)
  A spatial vortex (D)
  A swamp drake (D)
  A necrophage (D)
  2 centaurs (D)
  An earth elemental (D)
  A water elemental (D)
  28 killer bees (D)
  Crazy Yiuf (D)
  A jelly (D)
  An orc priest (D)
  Jessica (D)
  A wizard (D)
  A necromancer (D)
  3 humans (D)
  A kobold demonologist (D)
  An ooze (D)
  2 rats (D)
72 creatures vanquished.

Vanquished Creatures (collateral kills)
  Rupert (D)
  2 dire elephants (D)
3 creatures vanquished.

Vanquished Creatures (others)
  An iron giant (D)
  A deep elf blademaster (D)
  2 draconian scorchers (D)
  3 war gargoyles (D)
  An iron elemental (D)
  An iron golem (D)
  An unseen horror (D)
  A rust devil (D)
  6 hellions (D)
  3 yaktaurs (D)
  A slime creature (D)
  An orc high priest (D)
  A golden eye (D)
  4 killer bees (D)
  29 jellies (D)
  A ball lightning (D)
  11 ballistomycetes (D)
  8 ballistomycete spores (D)
  39 plants (D)
115 creatures vanquished.

Grand Total: 190 creatures vanquished

Notes
Turn   | Place    | Note
-------+----------+-------------------------------------------
     0 | D        | KleinerIrrer the Troll Monk began the quest for the Orb.
     0 | D        | Reached XP level 1. HP: 22/22 MP: 0/0
    10 | D        | Reached skill level 4 in Unarmed Combat
    22 | D        | Noticed Jessica
    26 | D        | Killed Jessica
    26 | D        | Reached skill level 6 in Unarmed Combat
    26 | D        | Reached XP level 2. HP: 29/29 MP: 1/1
    26 | D        | Reached XP level 3. HP: 36/36 MP: 2/2
    48 | D        | Noticed Crazy Yiuf
    54 | D        | Reached skill level 7 in Unarmed Combat
    64 | D        | Killed Crazy Yiuf
    64 | D        | Reached skill level 8 in Unarmed Combat
    64 | D        | Reached XP level 4. HP: 26/44 MP: 3/3
    89 | D        | Killed a hellion
    98 | D        | Killed a yaktaur
   103 | D        | Killed a hellion
   115 | D        | Killed a hellion
   116 | D        | Gained mutation: You have sharp toenails. [potion of
                  | mutation]
   116 | D        | Gained mutation: You have a pair of small antennae on your
                  | head. [potion of mutation]
   116 | D        | Killed a hellion
   117 | D        | Lost mutation: You have sharp toenails. [potion of
                  | mutation]
   117 | D        | Lost mutation: You have a pair of small antennae on your
                  | head. [potion of mutation]
   117 | D        | Gained mutation: You are frail. (-10% HP) [potion of
                  | mutation]
   117 | D        | Gained mutation: You evolve. [potion of mutation]
   117 | D        | Gained mutation: Your spells are a little harder to cast,
                  | but a little more powerful. [potion of mutation]
   118 | D        | Lost mutation: Your spells are a little harder to cast, but
                  | a little more powerful. [potion of mutation]
   118 | D        | Lost mutation: You are frail. (-10% HP) [potion of
                  | mutation]
   118 | D        | Gained mutation: You are partially covered in iridescent
                  | scales. (AC +2) [potion of mutation]
   118 | D        | Gained mutation: You expend magic power (3 MP) to
                  | strengthen your wands. [potion of mutation]
   123 | D        | Noticed a water elemental
   129 | D        | Killed a water elemental
   129 | D        | Reached skill level 10 in Unarmed Combat
   129 | D        | Reached XP level 5. HP: 12/50 MP: 4/4
   140 | D        | Killed a hellion
   196 | D        | Killed a hellion
   201 | D        | Found a radiant altar of Vehumet.
   202 | D        | Found a deep blue altar of Sif Muna.
   202 | D        | Found an ancient bone altar of Kikubaaqudgha.
   205 | D        | Reached skill level 11 in Unarmed Combat
   223 | D        | Killed a white draconian scorcher
   224 | D        | Noticed a shadow
   229 | D        | Killed a shadow
   229 | D        | Reached skill level 13 in Unarmed Combat
   229 | D        | Reached XP level 6. HP: 59/59 MP: 5/5
   237 | D        | Found a blossoming altar of Fedhas.
   237 | D        | Found a stormy altar of Qazlal.
   238 | D        | Found a snail-covered altar of Cheibriados.
   238 | D        | Found a burning altar of Makhleb.
   238 | D        | Found a hazy altar of Hepliaklqana.
   238 | D        | Found a shimmering altar of Xom.
   238 | D        | Found an opulent altar of Gozag.
   238 | D        | Found a sparkling altar of Nemelex Xobeh.
   238 | D        | Found a corrupted altar of Lugonu.
   238 | D        | Found a viscous altar of Jiyva.
   238 | D        | Noticed a spatial vortex
   241 | D        | Killed a spatial vortex
   241 | D        | Reached skill level 14 in Unarmed Combat
   245 | D        | Became a worshipper of Jiyva Johimoah the Shapeless
   245 | D        | Reached * piety under Jiyva
   245 | D        | Reached ** piety under Jiyva
   249 | D        | Killed a white draconian scorcher
   258 | D        | Found a basalt altar of Yredelemnul.
   258 | D        | Found a shadowy altar of Dithmenos.
   258 | D        | Found a sacrificial altar of Ru.
   267 | D        | Reached XP level 7. HP: 60/65 MP: 6/6
   281 | D        | Found a hide-covered altar of Uskayaw.
   281 | D        | Found a roughly hewn altar of Beogh.
   281 | D        | Found an iron altar of Okawaru.
   281 | D        | Found a bloodstained altar of Trog.
   281 | D        | Found an ornate altar of the Wu Jian Council.
   281 | D        | Noticed a human
   282 | D        | Noticed a human
   283 | D        | Reached *** piety under Jiyva
   290 | D        | Killed a human
   290 | D        | Reached skill level 15 in Unarmed Combat
   294 | D        | Killed a human
   294 | D        | Reached skill level 16 in Unarmed Combat
   307 | D        | Found a glowing silver altar of Zin.
   307 | D        | Found a glowing golden altar of the Shining One.
   307 | D        | Found a white marble altar of Elyvilon.
   308 | D        | Noticed a deep elf mage
   322 | D        | Killed a deep elf mage
   322 | D        | Reached skill level 17 in Unarmed Combat
   322 | D        | Reached XP level 8. HP: 31/73 MP: 7/7
   335 | D        | Gained mutation: You are covered in slimy tendrils that may
                  | disarm your opponents. [Jiyva's grace]
   335 | D        | Reached **** piety under Jiyva
   335 | D        | Gained mutation: You are agile. (Dex +2) [Jiyva's grace]
   342 | D        | Reached ***** piety under Jiyva
   388 | D        | Lost mutation: You are partially covered in iridescent
                  | scales. (AC +2) [Jiyva's grace]
   398 | D        | Gained mutation: You are frail. (-10% HP) [Jiyva's grace]
   398 | D        | Reached ****** piety under Jiyva
   416 | D        | Noticed Snorg
   420 | D        | Slimified Snorg
   420 | D        | Noticed Snorg
   420 | D        | Snorg changed into Snorg the slime creature
   510 | D        | Noticed a centaur warrior
   521 | D        | Killed a centaur warrior
   521 | D        | Reached skill level 18 in Unarmed Combat
   521 | D        | Reached XP level 9. HP: 34/74 MP: 8/8
   531 | D        | Killed a war gargoyle
   549 | D        | Killed a war gargoyle
   555 | D        | Killed a war gargoyle
   587 | D        | Lost mutation: You are covered in slimy tendrils that may
                  | disarm your opponents. [potion of mutation]
   587 | D        | Lost mutation: You are frail. (-10% HP) [potion of
                  | mutation]
   587 | D        | Gained mutation: Your body sometimes deteriorates upon
                  | taking damage. [potion of mutation]
   587 | D        | Gained mutation: Your mind is acute. (Int +2) [potion of
                  | mutation]
   588 | D        | Lost mutation: Your body sometimes deteriorates upon taking
                  | damage. [Jiyva's power]
   592 | D        | Lost mutation: Your mind is acute. (Int +2) [Jiyva's grace]
   611 | D        | Killed an iron elemental
   633 | D        | Killed an unseen horror
   633 | D        | Reached skill level 19 in Unarmed Combat
   642 | D        | HP: 1/83 [something (6)]
   647 | D        | Killed an unseen horror
   647 | D        | Reached skill level 5 in Fighting
   704 | D        | Killed an iron golem
   767 | D        | Noticed a wandering mushroom
   771 | D        | Noticed a wandering mushroom
   773 | D        | Noticed a wandering mushroom
   836 | D        | Killed a rust devil
   847 | D        | Gained mutation: Armour fits poorly on your pseudopods.
                  | [Jiyva's grace]
   902 | D        | Noticed Sigmund
   902 | D        | Noticed Edmund
   916 | D        | Killed Sigmund
   916 | D        | Reached skill level 21 in Unarmed Combat
   916 | D        | Reached XP level 10. HP: 62/102 MP: 9/9
   922 | D        | Killed Edmund
   922 | D        | Reached skill level 22 in Unarmed Combat
   924 | D        | Gained mutation: You have a small jelly attached to you
                  | that may absorb incoming projectiles. [Jiyva's grace]
   930 | D        | Gained mutation: You have sharp toenails. [Jiyva's grace]
   933 | D        | Gained mutation: You are dopey. (Int -2) [Jiyva's grace]
   985 | D        | Killed an iron giant
   988 | D        | Killed Snorg the slime creature
   994 | D        | Gained mutation: You tend to lose your temper in combat.
                  | [Jiyva's grace]
   997 | D        | Gained mutation: You passively map a small area around you.
                  | [Jiyva's grace]
   997 | D        | Lost mutation: You are dopey. (Int -2) [Jiyva's grace]
   997 | D        | Gained mutation: You are dopey. (Int -2) [Jiyva's grace]
  1000 | D        | Gained mutation: Armour fits poorly on your large
                  | pseudopods. [Jiyva's grace]
  1031 | D        | Gained mutation: Your body has grown golden eyes which may
                  | confuse attackers. (Acc +3) [Jiyva's grace]
  1075 | D        | Lost mutation: You tend to lose your temper in combat.
                  | [Jiyva's grace]
  1085 | D        | Reached XP level 11. HP: 23/111 MP: 10/10
  1103 | D        | Gained mutation: You are partially covered in rugged brown
                  | scales. (AC +1, +3% HP) [Jiyva's grace]
  1105 | D        | Gained mutation: Your body has grown many golden eyes which
                  | may confuse attackers. (Acc +5) [Jiyva's grace]
  1112 | D        | Lost mutation: You are dopey. (Int -2) [Jiyva's grace]
  1120 | D        | Lost mutation: You have sharp toenails. [Jiyva's grace]
  1146 | D        | HP: 5/116 [killer bee (2)]
  1193 | D        | Gained mutation: You have a pair of small horns on your
                  | head. [Jiyva's grace]
  1198 | D        | Gained mutation: Your rubbery body absorbs attacks. (AC +1,
                  | EV +1) [Jiyva's grace]
  1200 | D        | Gained mutation: Armour fits poorly on your massive
                  | pseudopods. [Jiyva's grace]
  1207 | D        | Lost mutation: You have a small jelly attached to you that
                  | may absorb incoming projectiles. [Jiyva's grace]
  1327 | D        | Gained mutation: Scrolls take you a little longer to read.
                  | [Jiyva's grace]
  1328 | D        | Lost mutation: You are agile. (Dex +2) [Jiyva's grace]
  1330 | D        | Lost mutation: Your rubbery body absorbs attacks. (AC +1,
                  | EV +1) [Jiyva's grace]
  1330 | D        | Lost mutation: Your body has grown many golden eyes which
                  | may confuse attackers. (Acc +5) [Jiyva's grace]
  1333 | D        | Gained mutation: You possess an exceptional clarity of
                  | mind. [Jiyva's grace]
  1334 | D        | Lost mutation: Armour fits poorly on your massive
                  | pseudopods. [Jiyva's grace]
  1334 | D        | Lost mutation: Scrolls take you a little longer to read.
                  | [Jiyva's grace]
  1334 | D        | Lost mutation: You have a pair of small horns on your head.
                  | [Jiyva's grace]
  1337 | D        | Gained mutation: Your mind is acute. (Int +2) [Jiyva's
                  | grace]
  1340 | D        | Lost mutation: You evolve. [Jiyva's grace]
  1343 | D        | Lost mutation: Your mind is acute. (Int +2) [Jiyva's grace]
  1343 | D        | Gained mutation: Your body sometimes deteriorates upon
                  | taking damage. [Jiyva's grace]
  1344 | D        | Lost mutation: You passively map a small area around you.
                  | [Jiyva's grace]
  1344 | D        | Lost mutation: Your body sometimes deteriorates upon taking
                  | damage. [Jiyva's grace]
  1344 | D        | Gained mutation: You evolve. [Jiyva's grace]
  1344 | D        | Gained mutation: You are dopey. (Int -2) [Jiyva's grace]
  1344 | D        | Lost mutation: You are dopey. (Int -2) [Jiyva's grace]
  1346 | D        | Lost mutation: You evolve. [Jiyva's grace]
  1365 | D        | Reached skill level 23 in Unarmed Combat
  1426 | D        | Gained mutation: You occasionally shout uncontrollably at
                  | your foes. [Jiyva's grace]
  1426 | D        | Gained mutation: Your mind is acute. (Int +2) [Jiyva's
                  | grace]
  1427 | D        | Gained mutation: Your skin changes colour to match your
                  | surroundings (Stealth+). [Jiyva's grace]
  1428 | D        | Gained mutation: Your spells are a little harder to cast,
                  | but a little more powerful. [Jiyva's grace]
  1428 | D        | Gained mutation: You evolve. [Jiyva's grace]
  1431 | D        | Lost mutation: You possess an exceptional clarity of mind.
                  | [Jiyva's grace]
  1431 | D        | Lost mutation: You evolve. [Jiyva's grace]
  1431 | D        | Gained mutation: You are somewhat resistant to further
                  | mutation. [Jiyva's grace]
  1432 | D        | Gained mutation: You are resistant to hostile enchantments.
                  | (MR+) [Jiyva's grace]
  1432 | D        | Gained mutation: You have a pair of small horns on your
                  | head. [Jiyva's grace]
  1432 | D        | Lost mutation: Armour fits poorly on your large pseudopods.
                  | [Jiyva's grace]
  1433 | D        | Lost mutation: You occasionally shout uncontrollably at
                  | your foes. [Jiyva's grace]
  1433 | D        | Gained mutation: Your rubbery body absorbs attacks. (AC +1,
                  | EV +1) [Jiyva's grace]
  1433 | D        | Gained mutation: You have a small jelly attached to you
                  | that may absorb incoming projectiles. [Jiyva's grace]
  1469 | D        | Killed a deep elf blademaster
  1480 | D        | Noticed Rupert
  1492 | D        | Lost mutation: You expend magic power (3 MP) to strengthen
                  | your wands. [Jiyva's grace]
  1492 | D        | Lost mutation: You have a pair of small horns on your head.
                  | [Jiyva's grace]
  1492 | D        | Killed Rupert
  1492 | D        | Reached skill level 24 in Unarmed Combat
  1499 | D        | Gained mutation: You have a pair of small horns on your
                  | head. [Jiyva's grace]
  1499 | D        | Gained mutation: Your movements are slightly less
                  | encumbered by armour. (ER -2) [Jiyva's grace]
  1510 | D        | Noticed a dire elephant
  1510 | D        | Noticed a dire elephant
  1510 | D        | Noticed Gastronok
  1512 | D        | Lost mutation: You have a pair of small horns on your head.
                  | [Jiyva's grace]
  1519 | D        | Lost mutation: Armour fits poorly on your pseudopods.
                  | [Jiyva's grace]
  1519 | D        | Gained mutation: You have a pair of small antennae on your
                  | head. [Jiyva's grace]
  1528 | D        | Killed a dire elephant
  1533 | D        | Killed a dire elephant
  1554 | D        | Mangled by Gastronok

Skill      XL: |  1  2  3  4  5  6  7  8  9 10 11 |
---------------+----------------------------------+-----
Unarmed Combat | 6 8 10 13 14 17 18 21 22 24 | 24.6
Fighting       | 4 7 8 9 |  9.8
Dodging        | |  2.4
Stealth        | |  1.0

Action                   |  1- 3 |  4- 6 |  7- 9 | 10-12 || total
-------------------------+-------+-------+-------+-------++-------
Melee: Unarmed           |    19 |    22 |    62 |   133 ||   236
       Punch             |     1 |     1 |     7 |    14 ||    23
       Pseudopods        |       |       |     5 |    17 ||    22
       Kick              |       |       |       |    14 ||    14
       Headbutt          |       |       |       |     9 ||     9
Invok: Request Jelly     |       |       |     2 |     1 ||     3
       Slimify           |       |       |     1 |       ||     1
       Cure Bad Mutation |       |       |     1 |       ||     1
  Use: Potion            |       |     3 |     2 |     2 ||     7
 Stab: Sleeping          |     1 |     3 |       |     1 ||     5
       Confused          |       |       |       |     2 ||     2
  Eat: Chunk             |     1 |     3 |     6 |       ||    10
Armor: Robe              |     4 |     5 |    15 |    15 ||    39
Dodge: Dodged            |     7 |     5 |    26 |    45 ||    83
